 Dungeon Crawl Stone Soup version 0.31-a0-234-gad7ace16ef (webtiles) character file.

Game seed: 12411217330318195897

2188 qw the Skirmisher (level 9, 0/78 HPs)
             Began as a Minotaur Hexslinger on July 9, 2023.
             Was an Initiate of Okawaru.
             Slain by a yak (6 damage)
             ... on level 8 of the Dungeon.
             The game lasted 00:02:19 (5547 turns).

qw the Skirmisher (Minotaur Hexslinger)             Turns: 5547, Time: 00:02:20

Health: 0/78       AC:  8    Str: 18      XL:     9   Next: 12%
Magic:  7/9        EV: 17    Int:  5 (7)  God:    Okawaru [......]
Gold:   85         SH:  0    Dex: 18      Spells: 9/10 levels left

rFire   . . .        n - +0 orcbow
rCold   . . .        (shield currently unavailable)
rNeg    . . .        q - +3 leather armour
rPois   +            (helmet restricted)
rElec   +            (no cloak)
rCorr   .            j - +0 pair of gloves
SInv    +            (no boots)
Will    +....        f - amulet of regeneration
Stlth   +++          p - ring of willpower
HPRegen 1.13/turn    b - ring of Ikiytis {rElec rPois Str+6 Int-3 SInv}
MPRegen 0.11/turn

%: clarity
@: about to teleport, heroic
A: horns 2, retaliatory headbutt, talons 1, clarity, deterioration 1
a: Renounce Religion


You were on level 8 of the Dungeon.
You worshipped Okawaru.
Okawaru was noncommittal.
You visited 2 branches of the dungeon, and saw 9 of its levels.

You collected 421 gold pieces.
You spent 336 gold pieces at shops.


Innate Abilities, Weirdness & Mutations

You have a pair of horns on your head.
You reflexively headbutt those who attack you in melee.
You have sharp toenails.
You possess an exceptional clarity of mind.
Your body sometimes deteriorates upon taking damage.


   Skills:
 + Level 6.6(11.6) Fighting
 - Level 10.2(15.2) Ranged Weapons
 - Level 4.1(9.1) Armour
 - Level 4.5(9.5) Dodging
 - Level 1.0 Spellcasting
 - Level 2.0 Hexes
 - Level 2.2 Invocations


You had 9 spell levels left.
You knew the following spells:

 Your Spells              Type           Power      Damage    Failure   Level
a - Slow                  Hex            8%         N/A       24%         1

Your spell library contained the following spells:

 Spells                   Type           Power      Damage    Failure   Level
 Inner Flame              Hex/Fire       1%         N/A       73%         3
 Portal Projectile        Hex/Tloc       2%         N/A       73%         3
 Cause Fear               Hex            1%         N/A       94%         4

Inventory:

Hand Weapons
 n - a +0 orcbow (weapon)
Armour
 j - a +0 pair of gloves (worn)
 q - a +3 leather armour (worn)
Jewellery
 b - the ring of Ikiytis (right hand) {rElec rPois Str+6 Int-3 SInv}
   (You acquired it on level 5 of the Dungeon)

   [ring of strength]

   Str:       It affects your strength (+6).
   Int:       It affects your intelligence (-3).
   rElec:     It insulates you from electricity.
   rPois:     It protects you from poison.
   SInv:      It lets you see invisible.
 e - a ring of wizardry
 f - an amulet of regeneration (around neck)
 p - a ring of willpower (left hand)
Scrolls
 a - 4 scrolls of identify
Potions
 c - a potion of resistance
 d - a potion of haste
 g - 3 potions of curing
 h - 2 potions of mutation
 i - 2 potions of heal wounds
 k - a potion of attraction {unknown}
 m - a potion of invisibility {unknown}
 o - a potion of brilliance {unknown}

Dungeon Overview and Level Annotations

Branches:
Dungeon (8/15)             Temple (1/1) D:6
   Lair: D:8-11

Altars:
Dithmenos
Elyvilon
Fedhas
Gozag
Kikubaaqudgha
Nemelex Xobeh
Okawaru
Qazlal
Ru
Sif Muna
Uskayaw
Vehumet
Wu Jian
Xom
Yredelemnul
Zin
The Shining One

Shops:
D:4 :   D:6 :   D:8 ?

Annotations:
D:4 2 runed translucent doors, qw's ghost, amateur MiHs


Message History

You have reached level 9!
Your experience leads to an increase in your attributes!
Your base attributes are Str 12, Int 10, Dex 16.
Increase (S)trength, (I)ntelligence, or (D)exterity?
You feel agile. x2
You shoot an arrow. The arrow barely misses the yak.
The yak gores you but does no damage.
You shoot an arrow. The arrow hits the yak.
The yak is lightly wounded.
The yak gores you but does no damage. The yak gores you! x2
You shoot an arrow. The arrow hits the yak!
The yak is heavily wounded.
The yak barely misses you. You furiously retaliate!
You headbutt the yak! The yak gores you but does no damage. The yak gores you!
Your body deteriorates!
You feel weakened.
You shoot an arrow. The arrow closely misses the yak.
The yak gores you. The yak barely misses you.
The yak gores you but does no damage.
You shoot an arrow. The arrow hits the yak!
You kill the yak!
Okawaru accepts your kill.
You can now gain great but temporary skills.
The yak gores you!
Your body deteriorates!
You feel dopey. The yak misses you.
You feel your strength returning.
Your Dodging skill increases to level 4!
5545 ||| INVOKING Heroism.
You gain the combat prowess of a mighty hero.
You can no longer gain great but temporary skills.
The yak barely misses you. You furiously retaliate!
You headbutt the yak! The yak closely misses you. You furiously retaliate!
You headbutt the yak! You shoot an arrow. The arrow hits the yak.
The yak is moderately wounded.
The yak gores you! x2
5547 ||| READING scroll of teleportation.
As you read the scroll of teleportation, it crumbles to dust.
You feel strangely unstable. The yak gores you.
You die...

#............# +............#
#...(........# #.............
#............( #.............
#....YY....... #.....@%......
#............. #.............
#...<........# #.>...)....[.#
###............#
##..............#
#...............#
#######.\.............###+######


You could see 2 yaks.

Vanquished Creatures
  Sigmund (D:6)
  2 yaks (D:8)
  A steam dragon (D:7)
  Menkaure (D:4)
  A water moccasin (D:5)
  An orc warrior (D:7)
  An ice beast (D:6)
  2 sky beasts
  2 ogres
  A centaur (D:8)
  A phantom (D:5)
  4 scorpions
  2 gnoll boudas (D:8)
  A hound (D:6)
  2 jellies
  3 orc wizards (D:7)
  6 gnolls
  3 adders
  An ufetubus (D:5)
  A worm (D:2)
  4 dart slugs
  9 orcs
  11 ball pythons
  10 endoplasms
  6 giant cockroaches
  10 goblins
  6 hobgoblins
  9 jackals
  2 kobolds
  7 quokkas
  8 bats
  5 frilled lizards
  5 rats
129 creatures vanquished.

Notes
Turn   | Place    | Note
-------+----------+-------------------------------------------
     0 | D:1      | qw the Minotaur Hexslinger began the quest for the Orb.
     0 | D:1      | Reached XP level 1. HP: 16/16 MP: 1/1
     0 | D:1      | 0 ||| qw: Version: 0.3-a-51-g015441d
     0 | D:1      | 0 ||| qw: Game counter: 4095
     0 | D:1      | 0 ||| qw: Melee chars always use a shield: true
     0 | D:1      | 0 ||| qw: God list: Okawaru
     0 | D:1      | 0 ||| qw: Allow faded altars: false
     0 | D:1      | 0 ||| qw: Do Orc after clearing Dungeon:15 true
     0 | D:1      | 0 ||| qw: Do second Lair branch before Depths: true
     0 | D:1      | 0 ||| qw: Lair rune preference: random
     0 | D:1      | 0 ||| qw: Goals: Normal
     0 | D:1      | 0 ||| PLANNING D:1-11
    67 | D:1      | Reached skill level 3 in Ranged Weapons
    82 | D:1      | Reached XP level 2. HP: 23/23 MP: 2/2
   401 | D:1      | Reached XP level 3. HP: 29/29 MP: 3/3
   412 | D:1      | Found a faded altar of an unknown god.
   808 | D:1      | 808 ||| UPGRADING to +0 ring mail.
   818 | D:1      | 818 ||| DROPPING +0 robe.
   819 | D:1      | 819 ||| UPGRADING to amulet of regeneration.
   824 | D:1      | 824 ||| READING 4 scrolls labelled YTSIURGHAGG.
   825 | D:1      | 825 ||| READING scroll labelled NUD PICSUROO.
   826 | D:1      | 826 ||| READING scroll labelled NERGHAI FUKUBEFF.
   827 | D:1      | 827 ||| DRINKING 2 sedimented coppery potions.
   827 | D:1      | Gained mutation: You have sharp toenails. [potion of
                  | mutation]
   827 | D:1      | Gained mutation: Your body sometimes deteriorates upon
                  | taking damage. [potion of mutation]
   827 | D:1      | Gained mutation: You possess an exceptional clarity of
                  | mind. [potion of mutation]
   828 | D:1      | 828 ||| READING 3 scrolls of identify.
   828 | D:1      | 828 ||| IDENTIFYING emerald potion
   829 | D:1      | 829 ||| DROPPING scroll of poison.
   855 | D:2      | 855 ||| Stepping ~*~*~tactically~*~*~ (outnumbered).
   861 | D:2      | Reached skill level 4 in Ranged Weapons
   910 | D:2      | Reached skill level 1 in Armour
  1011 | D:2      | Reached XP level 4. HP: 36/36 MP: 4/4
  1294 | D:2      | Found a hide-covered altar of Uskayaw.
  1422 | D:2      | 1422 ||| READING scroll labelled NUNIDW QYTE.
  1423 | D:2      | 1423 ||| READING 2 scrolls of identify.
  1423 | D:2      | 1423 ||| IDENTIFYING coppery potion
  1424 | D:2      | 1424 ||| DROPPING potion of lignification.
  1517 | D:3      | Identified the staff "Nomuclas" {rElec Earth}
  1564 | D:3      | Noticed a scorpion
  1576 | D:3      | Killed a scorpion
  1577 | D:3      | Reached skill level 5 in Ranged Weapons
  1577 | D:3      | Reached XP level 5. HP: 31/41 MP: 5/5
  2196 | D:3      | 2196 ||| READING 2 scrolls labelled KIOSHRAPPER.
  2338 | D:4      | Found a large runed translucent door.
  2338 | D:4      | Found a large runed translucent door.
  2341 | D:4      | Noticed qw's ghost (amateur MiHs)
  2435 | D:4      | Found Ytiynov's Tremendous Tomes.
  2612 | D:4      | Noticed Menkaure
  2619 | D:4      | HP: 8/44 [??? (5)]
  2620 | D:4      | 2620 ||| READING scroll of teleportation.
  2620 | D:4      | Killed Menkaure
  2621 | D:4      | Reached XP level 6. HP: 11/55 MP: 6/6
  2782 | D:4      | 2782 ||| UPGRADING to +0 pair of gloves.
  2787 | D:4      | 2787 ||| READING 2 scrolls of identify.
  2787 | D:4      | 2787 ||| IDENTIFYING glowing dark potion
  2825 | D:5      | Entered Level 5 of the Dungeon
  2835 | D:5      | Reached skill level 6 in Ranged Weapons
  3082 | D:5      | Reached skill level 7 in Ranged Weapons
  3082 | D:5      | Reached XP level 7. HP: 60/60 MP: 7/7
  3241 | D:5      | Reached skill level 8 in Ranged Weapons
  3445 | D:5      | 3445 ||| Stepping ~*~*~tactically~*~*~ (outnumbered).
  3454 | D:5      | HP: 14/60 [gnoll/+0 halberd (6)]
  3455 | D:5      | 3455 ||| READING scroll of teleportation.
  3456 | D:5      | HP: 5/60 [gnoll/+0 spear (4)]
  3457 | D:5      | HP: 2/60 [gnoll/+0 halberd (4)]
  3631 | D:5      | 3631 ||| UPGRADING to ring of willpower.
  3632 | D:5      | 3632 ||| READING scroll labelled POFIDET SIBITU.
  3633 | D:5      | 3633 ||| READING scroll labelled LIROUS SURIXT.
  3633 | D:5      | Identified a scroll of acquirement
  3633 | D:5      | 3633 ||| ACQUIRING ring of Ikiytis {rElec rPois Str+6 Int-3
                  | SInv}
  3633 | D:5      | Acquired the ring of Ikiytis {rElec rPois Str+6 Int-3 SInv}
  3635 | D:5      | 3635 ||| UPGRADING to ring of Ikiytis {rElec rPois Str+6
                  | Int-3 SInv}.
  3693 | D:6      | Found a staircase to the Ecumenical Temple.
  3694 | D:6      | 3694 ||| PLANNING TEMPLE
  3702 | Temple   | Entered the Ecumenical Temple
  3762 | Temple   | 3762 ||| PLANNING OKAWARU WORSHIP
  3906 | Temple   | Became a worshipper of Warmaster Okawaru
  3907 | Temple   | 3907 ||| PLANNING D:1-11
  4111 | D:6      | Noticed Sigmund
  4118 | D:6      | Killed Sigmund
  4119 | D:6      | Reached XP level 8. HP: 70/70 MP: 8/8
  4173 | D:6      | Reached * piety under Okawaru
  4380 | D:6      | Found a glowing golden altar of the Shining One.
  4440 | D:6      | Reached skill level 1 in Invocations
  4462 | D:6      | Found Dahide's Self-Improvement Boutique.
  4531 | D:6      | 4531 ||| UPGRADING to +3 leather armour.
  4541 | D:6      | 4541 ||| DROPPING +0 ring mail.
  4542 | D:6      | 4542 ||| READING scroll labelled XASHRIDDOUFEI.
  4543 | D:6      | 4543 ||| READING scroll labelled HEVOAF ITALOSSU.
  4544 | D:6      | 4544 ||| READING 4 scrolls of identify.
  4544 | D:6      | 4544 ||| IDENTIFYING sapphire potion
  4545 | D:6      | 4545 ||| READING 3 scrolls of identify.
  4545 | D:6      | 4545 ||| IDENTIFYING dark potion
  4546 | D:6      | 4546 ||| READING 2 scrolls of identify.
  4546 | D:6      | 4546 ||| IDENTIFYING white potion
  4547 | D:6      | 4547 ||| DROPPING potion of berserk rage.
  4798 | D:7      | 4798 ||| Stepping ~*~*~tactically~*~*~ (outnumbered).
  4799 | D:7      | 4799 ||| INVOKING Heroism.
  4823 | D:7      | Reached skill level 3 in Dodging
  4823 | D:7      | 4823 ||| INVOKING Heroism.
  5149 | D:7      | Reached skill level 9 in Ranged Weapons
  5215 | D:7      | 5215 ||| Stepping ~*~*~tactically~*~*~ (cloud).
  5222 | D:7      | Reached skill level 6 in Fighting
  5222 | D:7      | 5222 ||| Stepping ~*~*~tactically~*~*~ (cloud).
  5223 | D:7      | 5223 ||| Stepping ~*~*~tactically~*~*~ (cloud).
  5224 | D:7      | 5224 ||| Stepping ~*~*~tactically~*~*~ (cloud).
  5239 | D:7      | 5239 ||| READING scroll labelled YKIAGROGAGO.
  5240 | D:7      | 5240 ||| READING scroll labelled OCRA JUDOAGA.
  5311 | D:8      | 5311 ||| INVOKING Heroism.
  5338 | D:8      | 5338 ||| INVOKING Heroism.
  5380 | D:8      | Found Kinukk's Magic Scroll Shop.
  5395 | D:8      | 5395 ||| BUYING scroll of enchant weapon (120 gold).
  5395 | D:8      | Bought a scroll of enchant weapon for 120 gold pieces
  5395 | D:8      | 5395 ||| BUYING scroll of enchant weapon (120 gold).
  5395 | D:8      | Bought a scroll of enchant weapon for 120 gold pieces
  5395 | D:8      | 5395 ||| BUYING scroll of identify (32 gold).
  5395 | D:8      | Bought a scroll of identify for 32 gold pieces
  5395 | D:8      | 5395 ||| BUYING scroll of identify (32 gold).
  5395 | D:8      | Bought a scroll of identify for 32 gold pieces
  5395 | D:8      | 5395 ||| BUYING scroll of identify (32 gold).
  5395 | D:8      | Bought a scroll of identify for 32 gold pieces
  5395 | D:8      | 5395 ||| READING 2 scrolls of enchant weapon.
  5395 | D:8      | 5395 ||| ENCHANTING +2 sling.
  5396 | D:8      | 5396 ||| READING scroll of enchant weapon.
  5396 | D:8      | 5396 ||| ENCHANTING +3 sling.
  5525 | D:8      | 5525 ||| SWAPPING to +0 orcbow.
  5526 | D:8      | 5526 ||| DROPPING +4 sling.
  5540 | D:8      | Reached skill level 10 in Ranged Weapons
  5540 | D:8      | Reached XP level 9. HP: 64/78 MP: 9/9
  5545 | D:8      | 5545 ||| INVOKING Heroism.
  5546 | D:8      | HP: 15/78 [yak (13)]
  5546 | D:8      | HP: 5/78 [yak (10)]
  5547 | D:8      | 5547 ||| READING scroll of teleportation.
  5547 | D:8      | Slain by a yak

Levels and vault maps discovered:
D:1:      noname_arrival_rooms_in_the_neighbourhood, layout_basic,
          basic_ecumenical_altar, minmay_domino_2
D:2:      layout_loops_cross, basic_altar, minmay_small_reverse_x
D:3:      minmay_evil_eye, layout_basic, minmay_three_crescents
D:4:      layout_rooms, ebering_ghost_disaster_area, serial_park_tiny_2,
          nicolae_shop_i_like_big_books, uniq_menkaure
D:5:      layout_cave_pods, serial_column_ruins, column_ruins_grid_5,
          column_ruins_columns_straight, column_ruins_columns_corner,
          column_ruins_open_medium, column_ruins_columns_straight,
          column_ruins_grid_3, serial_park_tiny_2
D:6:      layout_gridville, kennysheep_mini_moat, minmay_temple_entry_arrows,
          nicolae_shop_self_help, uniq_sigmund
D:7:      layout_loops_ring, serial_park_tiny_2, minmay_fountain_box
D:8:      layout_gridville, serial_shops, shop_coins, shop,
          kennysheep_little_box, nicolae_grassy_gnolls
Temple:   eino_temple_rhombus

Skill      XL: |  1  2  3  4  5  6  7  8  9 |
---------------+----------------------------+-----
Ranged Weapons | 3 4 5 7 8 10 | 10.2
Fighting       | 2 4 5 6 |  6.6
Armour         | 1 4 |  4.1
Invocations    | 2 |  2.2
Dodging        | 3 4 |  4.5
Spellcasting   | |  1.0
Hexes          | |  2.0

Action                     |  1- 3 |  4- 6 |  7- 9 || total
---------------------------+-------+-------+-------++-------
   Fire: Sling             |   119 |   143 |   240 ||   502
         Orcbow            |       |       |    15 ||    15
 Invoke: Heroism           |       |       |     5 ||     5
    Use: Scroll            |     4 |     5 |    13 ||    22
         Potion            |     1 |       |       ||     1
 Armour: Robe              |     3 |       |       ||     3
         Ring mail         |    15 |    30 |    25 ||    70
         Leather armour    |       |       |    13 ||    13
  Dodge: Dodged            |    43 |    72 |   113 ||   228

Table legend:
 A = Non-vault XP
 B = Vault XP
 C = Vault XP percentage of total XP
 D = Non-vault monster count
 E = Vault monster count
 F = Vault count percentage of total count
                 A         B        C        D         E       F
            +---------+---------+-------+---------+---------+-------
      Total |    2484 |     642 |  20.5 |     108 |      21 |  16.3
            +---------+---------+-------+---------+---------+-------
        D:1 |      51 |       3 |   5.6 |      30 |       2 |   6.2
        D:2 |      56 |       9 |  13.8 |      25 |       4 |  13.8
        D:3 |      17 |      88 |  83.8 |       7 |       8 |  53.3
        D:4 |      32 |     172 |  84.3 |      11 |       1 |   8.3
        D:5 |     649 |       0 |   0.0 |      11 |       0 |   0.0
        D:6 |     410 |     239 |  36.8 |       6 |       1 |  14.3
        D:7 |     620 |       0 |   0.0 |      14 |       0 |   0.0
        D:8 |     649 |     131 |  16.8 |       4 |       5 |  55.6
            +---------+---------+-------+---------+---------+-------
